 Dungeon Crawl Stone Soup version 0.31-a0-1496-g79c7dd0eeb (webtiles) character file.

Game seed: 8568246191560526351

23675 kae the Covert (level 12, -7/91 HPs)
             Began as a Demonspawn Enchanter on Dec 29, 2023.
             Was an Elder of Dithmenos.
             Mangled by a catoblepas (19 damage)
             ... in a Gauntlet.
             The game lasted 00:17:51 (12609 turns).

kae the Covert (Demonspawn Enchanter)              Turns: 12609, Time: 00:17:52

Health: -7/91      AC: 14    Str: 10    XL:     12   Next: 73%
Magic:  0/22       EV: 11    Int: 15    God:    Dithmenos [****..]
Gold:   1012       SH: 14    Dex: 18    Spells: 8/24 levels left

rFire   + . .        e - +5 dagger (speed)
rCold   + + .        R - +1 buckler {rC+}
rNeg    . . .        t - +3 leather armour {rF+}
rPois   .            m - +2 helmet
rElec   .            G - +0 cloak
rCorr   .            f - +2 pair of gloves {hurl}
SInv    .            (no boots)
Will    .....        A - amulet of the acrobat
Stlth   +++++++      c - ring of protection from cold
HPRegen 0.35/turn    Y - +4 ring of slaying
MPRegen 0.36/turn

%: no teleportation, acrobat, guardian spirit
@: wreathed by umbra, invisible
A: large bone plates 3, magic shield, magic regeneration, demonic magic 1,
weakness stinger 1
a: Renounce Religion, Shadow Step


You were in a Gauntlet.
You worshipped Dithmenos.
Dithmenos was greatly pleased with you.
You visited 3 branches of the dungeon, and saw 15 of its levels.
You also visited: Gauntlet and Ice Cave.

You collected 1162 gold pieces.
You spent 150 gold pieces at shops.


Innate Abilities, Weirdness & Mutations

You are completely covered in large bone plates. (SH +8)
When hurt, damage is shared between your health and your magic reserves.
You regenerate magic rapidly.
Spells you cast may paralyse adjacent enemies.
You have a small tail.


   Skills:
 + Level 7.3 Fighting
 * Level 9.4 Short Blades
 + Level 5.5 Armour
 + Level 2.4 Dodging
 * Level 10.6 Stealth
 + Level 1.3 Shields
 + Level 6.8 Spellcasting
 + Level 7.7 Hexes
 - Level 5.0 Ice Magic
 + Level 6.1 Evocations


You had 8 spell levels left.
You knew the following spells:

 Your Spells              Type           Power      Damage    Failure   Level
a - Ensorcelled Hibernat  Hex/Ice        48%        N/A       3%          2
b - Confusing Touch       Hex            28%        N/A       3%          3
c - Tukima's Dance        Hex            28%        N/A       3%          3
d - Dazzling Flash        Conj/Hex       32%        N/A       16%         3
e - Petrify               Alch/Erth      5%         N/A       95%         4
f - Slow                  Hex            100%       N/A       1%          1

Your spell library contained the following spells:

 Spells                   Type           Power      Damage    Failure   Level
 Sigil of Binding         Hex            28%        N/A       3%          3
 Frozen Ramparts          Ice            40%        1d7       11%         3
 Ozocubu's Armour         Ice            20%        N/A       11%         3
 Inner Flame              Hex/Fire       16%        N/A       16%         3
 Magic Dart               Conj           20%        1d4       26%         1
 Hailstorm                Conj/Ice       12%        3d6       28%         3
 Summon Ice Beast         Ice/Summ       12%        N/A       28%         3
 Searing Ray              Conj           10%        2d4       38%         2
 Static Discharge         Conj/Air       10%        3-4/arc   38%         2
 Anguish                  Hex/Necr       8%         N/A       47%         4
 Metabolic Englaciation   Hex/Ice        12%        N/A       47%         5
 Fugue of the Fallen      Necr           5%         N/A       63%         3
 Vampiric Draining        Necr           5%         2d6       63%         3
 Yara's Violent Unravell  Hex/Alch       8%         3d5       83%         5
 Airstrike                Air            2%         2d(1-17)  95%         4
 Fulminant Prism          Conj/Alch      2%         3d5       95%         4
 Leda's Liquefaction      Alch/Erth      2%         N/A       95%         4
 Passage of Golubria      Tloc           5%         N/A       95%         4
 Summon Lightning Spire   Summ/Air       5%         N/A       95%         4
 Irradiate                Conj/Alch      2%         3d12      100%        5
 Sculpt Simulacrum        Ice/Alch       6%         N/A       100%        6
 Ignition                 Fire           2%         3d3       100%        8

Inventory:

Hand Weapons
 a - a +1 dagger of chaos
 e - a +5 dagger of speed (weapon)
   (You took it off a goblin on level 1 of the Dungeon)
Missiles
 d - 102 stones
 g - 14 poisoned darts
 p - 27 boomerangs
 y - 2 curare-tipped darts {=f}
 I - 2 throwing nets {=f!f}
Armour
 b - a +0 robe
 f - a +2 pair of gloves of hurling (worn)
   (You bought it in a shop on level 3 of the Dungeon)
 m - a +2 helmet (worn)
   (You took it off Robin on level 3 of the Dungeon)
 t - a +3 leather armour of fire resistance (worn)
   (You took it off an orc on level 5 of the Dungeon)
 G - a +0 cloak (worn)
   (You found it on level 2 of the Lair of Beasts)
 R - a +1 buckler of cold resistance (worn)
   (You found it in an ice cave)
Magical Staves
 i - a staff of fire {!a}
   (You found it on level 2 of the Dungeon)
 r - a staff of alchemy {!a}
   (You found it on level 5 of the Dungeon)
Jewellery
 c - a ring of protection from cold (left hand)
   (You found it on level 1 of the Dungeon)
 h - a ring of ice
   (You took it off Fannar on level 10 of the Dungeon)
 A - an amulet of the acrobat (around neck)
   (You found it on level 6 of the Dungeon)
 B - a ring of protection from cold
   (You found it on level 1 of the Lair of Beasts)
 C - a ring of ice
   (You found it on level 1 of the Dungeon)
 F - a ring of protection from fire
   (You found it on level 9 of the Dungeon)
 O - the ring of Boden {Ice rElec rPois rN++ MP-9}
   (You found it in an ice cave)

   [ring of ice]

   Ice:       It enhances your ice magic.
   rF-:       It makes you vulnerable to fire.
   rC+:       It protects you from cold.
   rElec:     It insulates you from electricity.
   rPois:     It protects you from poison rN++: It greatly protects you from
   negative energy.
   MP-9:      It affects your magic capacity (-9).
 P - the ring "Debyme" {Ice rPois Str+3}
   (You found it in an ice cave)

   [ring of ice]

   Ice:       It enhances your ice magic.
   Str+3:     It affects your strength (+3).
   rF-:       It makes you vulnerable to fire.
   rC+:       It protects you from cold.
   rPois:     It protects you from poison
 Y - a +4 ring of slaying (right hand)
   (You found it on level 2 of the Dungeon)
Wands
 q - a wand of light (16)
   (You found it on level 4 of the Dungeon)
 u - a wand of iceblast (35)
   (You found it on level 6 of the Dungeon)
 w - a wand of paralysis (4)
   (You took it off Psyche on level 10 of the Dungeon)
 L - a wand of mindburst (9)
   (You found it on level 10 of the Dungeon)
 N - a wand of flame (6)
   (You found it on level 1 of the Lair of Beasts)
Scrolls
 j - 3 scrolls of immolation {!r!r}
 z - 2 scrolls of vulnerability {!r!r}
 K - a scroll of fear
 M - a scroll of torment {!r}
 Q - 2 scrolls of identify {@r1}
 T - a scroll of poison {!r}
Potions
 k - 8 potions of curing {@q1}
 l - 2 potions of invisibility
 n - 5 potions of heal wounds {@q2}
 o - 4 potions of haste {@q3}
 s - 2 potions of attraction {unknown}
 v - 3 potions of lignification {!q}
 x - a potion of cancellation
 D - a potion of might
 E - 2 potions of brilliance
 H - 4 potions of mutation {!q}
 J - 4 potions of enlightenment
 S - a potion of resistance {unknown}

Dungeon Overview and Level Annotations

Branches:
Dungeon (11/15) Zot: 25648  Temple (1/1) D:7 Zot: 5963    Lair (2/5) D:10 Zot: 16145
  Swamp (0/4) Lair:2          Orc (0/2) D:11          IceCv (visited)
Gauntlet (1/1) Zot: 5789
  Snake: Lair:2-3    Spider: Lair:2-3

Altars:
Ashenzari
Cheibriados
Dithmenos
Fedhas
Gozag
Hepliaklqana
Kikubaaqudgha
Makhleb
Nemelex Xobeh
Okawaru
Qazlal
Ru
Sif Muna
Trog
Uskayaw
Vehumet
Wu Jian
Xom
Yredelemnul

Shops:
D:3 [

Annotations:
D:3 2 transporters, ruthinlad's ghost, weakling HuBe
D:7 2 transporters, Chqr's ghost, novice FeSu Gauntlet 13 transporters, 3 runed translucent doors

####..♣.P.♣.#.########
#≈≈.........#.#.......
#≈..#########.#..P♣...
##...#.....((#.#..P....
##≈.∩.#.#####.#.#.#≈#≈#P
##≈≈...#.....#©#.#.≈≈≈≈≈.
#≈≈≈♣.©#####.###©#.#≈#≈#.
##≈≈...#.Y9#...#.#.≈≈≈≈≈P
##≈.∩.#@#§###.#.#.#≈#≈#.
##...#©#Y..'.#.#.P...P.
#≈..#########.#...♣...
#≈≈.........#.#.......
####..♣..P♣.#.########
#≈...PP..#.#y.y...y
#≈≈..♣PP.#.#y##.##!
####..PP.#.##..#..#
#≈..♣.#©#.##©##©


You could see a catoblepas (confused, unable to see you) and a gargoyle (unable
to see you).


Message History

You are engulfed in calcifying dust.
The gargoyle hits you but does no damage.
The catoblepas gores you!
You are engulfed in calcifying dust.
The gargoyle hits you with a +0 morningstar.
The catoblepas gores you!!
You are engulfed in calcifying dust.
The gargoyle hits you but does no damage.
The catoblepas breathes a plume of calcifying dust at you.
The blast of calcifying dust hits you.
The gargoyle hits you with a +0 morningstar!
The catoblepas gores you!
* * * LOW HITPOINT WARNING * * *
You turn to flesh and can move again.
Unknown command. 😨 HP[-38] MP[-6]
You take 38 damage, and now have 40/91 hp.
MASSIVE DAMAGE!! (PAUSE)
You lost 6 mp, and now have 9/22 mp.
The catoblepas breathes a plume of calcifying dust at you.
The blast of calcifying dust hits the gargoyle but does no damage.
The blast of calcifying dust hits you.
* * * LOW HITPOINT WARNING * * *
😨 HP[-3] MP[-1]
You take 3 damage, and now have 37/91 hp.
You lost 1 mp, and now have 8/22 mp.
Unknown command.
It was a potion of heal wounds.
You feel much better.
The gargoyle hurls a stone arrow at you.
The stone arrow hits you!
* * * LOW HITPOINT WARNING * * *
😨 HP[+6] MP[-1]
You regained 6 hp, and now have 43/91 hp.
You lost 1 mp, and now have 7/22 mp.
Casting: Ensorcelled Hibernation (safe; 3% risk of failure)
Confirm with . or Enter, or press ? or * to list all spells.
Your hands begin to glow red.
Malevolent energies surge around you. The catoblepas gores you!
* * * LOW HITPOINT WARNING * * *
You block the catoblepas's attack. 😨 HP[-16] MP[-4]
You take 16 damage, and now have 27/91 hp.
You lost 4 mp, and now have 3/22 mp.
You hit the catoblepas but do no damage.
You tail-slap the catoblepas.
Your shadow hits the catoblepas but does no damage. 😨 HP[+1]
You hit the catoblepas but do no damage. 😨 MP[+1]
You fade into invisibility!
The catoblepas breathes a plume of calcifying dust at you.
The blast of calcifying dust hits you but does no damage.
You hit the catoblepas but do no damage.
You are slowing down.
The catoblepas completely misses you.
Unknown command.
You hit the catoblepas but do no damage.
You tail-slap the catoblepas, but do no damage.
Your limbs have turned to stone.
The catoblepas gores you!
* * * LOW HITPOINT WARNING * * *
You have turned to stone.
The catoblepas gores you.
* * * LOW HITPOINT WARNING * * *
The catoblepas breathes a plume of calcifying dust at you.
The blast of calcifying dust hits you!
* * * LOW HITPOINT WARNING * * *
The gargoyle hurls a stone arrow at you.
The stone arrow hits the catoblepas!
The catoblepas gores you!
* * * LOW HITPOINT WARNING * * *
The catoblepas breathes a plume of calcifying dust at you.
The blast of calcifying dust hits you.
The catoblepas breathes a plume of calcifying dust at you.
The blast of calcifying dust hits you.
* * * LOW HITPOINT WARNING * * *
The catoblepas gores you but does no damage.
The catoblepas gores you.
* * * LOW HITPOINT WARNING * * *
The catoblepas gores you.
You turn to flesh and can move again.
Unknown command. 😱 HP[-17] MP[-1]
You take 17 damage, and now have 11/91 hp.
You lost 1 mp, and now have 3/22 mp.
Unknown command.
You hit the catoblepas but do no damage.
Unknown command.
You barely miss the catoblepas. 😱 HP[+1] MP[+1] Unknown command.
You hit the catoblepas but do no damage.
The catoblepas bellows!
You block the catoblepas's attack.
Unknown command.
You hit the catoblepas but do no damage.
The catoblepas appears confused.
Unknown command.
You strike the helpless catoblepas from behind!
You perforate the catoblepas like a sieve!!!
The catoblepas gores you!!
You die...

Skill      XL: |  1  2  3  4  5  6  7  8  9 10 11 12 |
---------------+-------------------------------------+-----
Short Blades   | 1 2 3 4 5 6 7 8 9 |  9.4
Stealth        | 3 4 5 6 7 8 9 10 | 10.6
Fighting       | 1 2 3 4 5 6 7 |  7.3
Ice Magic      | 1 2 3 4 5 |  5.0
Spellcasting   | 3 4 5 6 |  6.8
Hexes          | 4 5 6 7 |  7.7
Armour         | 1 2 3 4 5 |  5.5
Evocations     | 1 3 4 5 6 |  6.1
Dodging        | 2 |  2.4
Shields        | 1 |  1.3

Action                     |  1- 3 |  4- 6 |  7- 9 | 10-12 || total
---------------------------+-------+-------+-------+-------++-------
  Melee: Dagger            |   222 |    98 |   269 |   429 ||  1018
         Punch             |     2 |       |     3 |     6 ||    11
         Tailslap          |       |       |    43 |    73 ||   116
   Cast: Ensorcelled Hiber |     5 |    13 |    65 |    99 ||   182
         Confusing Touch   |       |       |     5 |    19 ||    24
         Slow              |       |       |       |     2 ||     2
         Dazzling Flash    |       |       |       |     2 ||     2
         Petrify           |       |       |       |     1 ||     1
  Evoke: Wand              |       |       |       |     9 ||     9
    Use: Scroll            |    10 |     2 |     9 |     6 ||    27
         Potion            |       |       |     1 |     5 ||     6
   Stab: Distracted        |     1 |       |     1 |     1 ||     3
         Sleeping          |     5 |    11 |    46 |    54 ||   116
         Paralysed         |       |     6 |    24 |    51 ||    81
         Confused          |       |       |     1 |    14 ||    15
         Invisible         |       |       |       |     2 ||     2
 Armour: Robe              |    75 |    49 |    34 |       ||   158
         Leather armour    |       |       |   127 |   232 ||   359
         Skin              |       |       |       |     2 ||     2
  Dodge: Dodged            |   102 |    46 |   115 |   195 ||   458
  Block: Other             |    11 |    12 |    32 |    64 ||   119
         Buckler           |       |       |       |    24 ||    24

Levels and vault maps discovered:
D:1:      dpeg_arrival_rhombus, layout_basic, minivault_26
D:2:      layout_loops_ring, minmay_randomly_rotated_circles
D:3:      layout_rooms, trog_wizard, serial_shops, shop,
          gammafunk_ghost_mausoleum, minmay_misc_feat_more_columns,
          moated_statue, uniq_sigmund, uniq_robin, uniq_jessica
D:4:      layout_basic
D:5:      layout_rooms, mainiacjoe_overflow_catwalk
D:6:      layout_rooms
D:7:      layout_rooms, minmay_temple_entry_offerings, gammafunk_ghost_smash,
          chequers_garden, grunt_decor_cap
D:8:      layout_gridville, good_gods_temple_1, slow_altar_2
D:9:      layout_gridville
D:10:     dragon1_lemuel, layout_basic, david_lair_shrubbed, grunt_ministairs_6,
          dk_vineyard_2
D:11:     layout_long_grid, orc_0_dummy, elyvilon_altar_5, uniq_harold,
          uniq_fannar, uniq_psyche
Temple:   nicolae_temple_superstar
Lair:1:   layout_chaotic_city
Lair:2:   layout_hall_layers, alex1729_swamp_entry_worm_eleionoma,
          portal_ice_cave_entry_pillars_1, grunt_megastairs_1, uniq_nergalle
Lair:4:   layout_small_grid, slime_entry_2, gauntlet_entry_generic,
          serial_bayou_shore_b
Gauntlet: minmay_gauntlet_77_tree [minmay_gauntlet_arena_77_path,
          minmay_gauntlet_arena_77_hold_the_fort,
          minmay_gauntlet_arena_77_braids, minmay_gauntlet_arena_77_p_blocks,
          minmay_gauntlet_arena_77_run_for_it, minmay_gauntlet_arena_77_mirror,
          minmay_gauntlet_arena_77_box, dreamdust_gauntlet_exit_labyrinth]

Notes
Turn   | Place    | Note
-------+----------+-------------------------------------------
     0 | D:1      | kae the Demonspawn Enchanter began the quest for the Orb.
     0 | D:1      | Reached XP level 1. HP: 13/13 MP: 3/3
     0 | D:1      | magus.rc [v1.11.3]
    92 | D:1      | Reached skill level 1 in Short Blades
   164 | D:1      | Gained mutation: Spells you cast may paralyse adjacent
                  | enemies. [demonic ancestry]
   164 | D:1      | Reached XP level 2. HP: 19/20 MP: 5/5
   745 | D:1      | Learned a level 2 spell: Ensorcelled Hibernation
   824 | D:2      | Reached skill level 3 in Stealth
  1053 | D:2      | You pick up a book of Winter and begin reading...
  1053 | D:2      | You add the spells Ozocubu's Armour, Metabolic Englaciation
                  | and Sculpt Simulacrum to your library.
  1145 | D:2      | Gained mutation: You are partially covered in large bone
                  | plates. (SH +4) [demonic ancestry]
  1145 | D:2      | Reached XP level 3. HP: 25/25 MP: 6/6
  1359 | D:2      | Reached skill level 1 in Fighting
  1642 | D:3      | Found Vaxtaor's Antique Armour Shoppe.
  1653 | D:3      | Bought a pair of embroidered gloves for 150 gold pieces
  1668 | D:3      | Noticed Jessica
  1676 | D:3      | Killed Jessica
  1676 | D:3      | Noticed Sigmund
  1677 | D:3      | Reached skill level 2 in Short Blades
  1677 | D:3      | Reached XP level 4. HP: 24/32 MP: 4/7
  1713 | D:3      | Learned a level 3 spell: Confusing Touch
  1737 | D:3      | Killed Sigmund
  1738 | D:3      | Reached skill level 4 in Stealth
  1738 | D:3      | Reached skill level 1 in Ice Magic
  1738 | D:3      | Reached XP level 5. HP: 38/38 MP: 5/9
  1803 | D:3      | Noticed Robin
  1942 | D:3      | Killed Robin
  1943 | D:3      | Gained mutation: You regenerate magic rapidly. [demonic
                  | ancestry]
  1943 | D:3      | Reached XP level 6. HP: 44/44 MP: 7/10
  2073 | D:3      | Reached skill level 2 in Fighting
  2112 | D:3      | Found a transporter.
  2115 | D:3      | Noticed ruthinlad's ghost (weakling HuBe)
  2128 | D:3      | Found a transporter.
  2159 | D:3      | You pick up a book of Debilitation and begin reading...
  2159 | D:3      | You add the spells Slow, Sigil of Binding and Vampiric
                  | Draining to your library.
  2185 | D:3      | Reached skill level 3 in Short Blades
  2259 | D:3      | Found a bloodstained altar of Trog.
  2347 | D:3      | Noticed a wizard
  2352 | D:3      | Killed a wizard
  2517 | D:4      | Reached skill level 3 in Spellcasting
  2621 | D:4      | Gained mutation: You have a small tail. [demonic ancestry]
  2621 | D:4      | Reached XP level 7. HP: 51/51 MP: 6/11
  2737 | D:4      | Reached skill level 4 in Hexes
  2737 | D:4      | Reached skill level 2 in Ice Magic
  2991 | D:5      | Entered Level 5 of the Dungeon
  3066 | D:5      | Reached skill level 5 in Stealth
  3118 | D:5      | You pick up a book of Conjurations and begin reading...
  3118 | D:5      | You add the spells Magic Dart, Searing Ray and Fulminant
                  | Prism to your library.
  3137 | D:5      | HP: 4/51 [orc priest/divine providence (14)]
  3143 | D:4      | Reached skill level 4 in Short Blades
  3282 | D:4      | Reached skill level 3 in Fighting
  3358 | D:5      | Reached XP level 8. HP: 32/58 MP: 4/13
  3503 | D:5      | Found a shimmering altar of Xom.
  4219 | D:7      | Learned a level 3 spell: Tukima's Dance
  4223 | D:7      | Learned a level 3 spell: Dazzling Flash
  4233 | D:7      | Identified the +0 dire flail "Moywk" {freeze, rF+ Int+4}
  4291 | D:7      | Reached skill level 1 in Armour
  4291 | D:7      | Reached skill level 6 in Stealth
  4291 | D:7      | Reached skill level 3 in Ice Magic
  4291 | D:7      | Reached skill level 1 in Evocations
  4324 | D:7      | Reached skill level 4 in Spellcasting
  4324 | D:7      | Found a staircase to the Ecumenical Temple.
  4334 | Temple   | Entered the Ecumenical Temple
  4352 | Temple   | Became a worshipper of Dithmenos the Shadowed
  4374 | D:7      | You pick up a book of Sloth and begin reading...
  4374 | D:7      | You add the spells Frozen Ramparts, Leda's Liquefaction and
                  | Petrify to your library.
  4597 | D:7      | Found a transporter.
  4598 | D:7      | Noticed Chqr's ghost (novice FeSu)
  4603 | D:7      | Found a transporter.
  4615 | D:7      | Reached skill level 5 in Short Blades
  4858 | D:7      | Learned a level 4 spell: Petrify
  4945 | D:8      | Gained mutation: When hurt, damage is shared between your
                  | health and your magic reserves. [demonic ancestry]
  4945 | D:8      | Reached XP level 9. HP: 65/65 MP: 12/15
  5109 | D:8      | Found a snail-covered altar of Cheibriados.
  5183 | D:8      | Reached skill level 5 in Hexes
  5313 | D:8      | Reached skill level 4 in Fighting
  5445 | D:8      | Reached skill level 2 in Evocations
  5741 | D:8      | Reached * piety under Dithmenos
  6070 | D:9      | Reached skill level 2 in Armour
  6072 | D:9      | Learned a level 1 spell: Slow
  6326 | D:9      | Reached skill level 7 in Stealth
  6738 | D:10     | Entered Level 10 of the Dungeon
  6756 | D:10     | Reached skill level 6 in Short Blades
  6758 | D:10     | Reached skill level 4 in Ice Magic
  6765 | D:10     | Noticed a troll
  6775 | D:10     | Killed a troll
  6776 | D:10     | Reached skill level 3 in Evocations
  6780 | D:10     | Noticed a troll
  6800 | D:10     | Killed a troll
  6801 | D:10     | Reached XP level 10. HP: 33/73 MP: 1/17
  7401 | D:10     | Noticed an ice dragon
  7419 | D:10     | Killed an ice dragon
  7420 | D:10     | Reached skill level 5 in Fighting
  7420 | D:10     | Reached skill level 3 in Armour
  7420 | D:10     | Reached skill level 5 in Spellcasting
  7441 | D:10     | You pick up a book of Spontaneous Combustion and begin
                  | reading...
  7441 | D:10     | You add the spells Inner Flame, Irradiate and Ignition to
                  | your library.
  7743 | D:10     | Found a staircase to the Lair.
  7758 | D:10     | Reached ** piety under Dithmenos
  7928 | D:11     | Reached skill level 8 in Stealth
  7947 | D:11     | Noticed Harold
  7973 | D:11     | Noticed Fannar
  7977 | D:11     | Noticed a purple ugly thing
  7979 | D:11     | HP: 14/74 [shadow (5)]
  7985 | D:10     | HP: 12/74 [vampire mosquito (1)]
  7986 | D:10     | HP: 5/74 [vampire mosquito (3)]
  7993 | D:10     | HP: 9/74 [vampire mosquito (3)]
  7994 | D:10     | HP: 4/74 [vampire mosquito (3)]
  8001 | D:10     | HP: 2/74 [vampire mosquito (3)]
  8005 | D:10     | Reached skill level 6 in Hexes
  8231 | D:10     | Killed a purple ugly thing
  8237 | D:10     | Reached skill level 7 in Short Blades
  8390 | D:11     | Noticed Psyche
  8392 | D:11     | Paralysed by Psyche for 2 turns
  8419 | D:10     | Killed Fannar
  8420 | D:10     | Reached skill level 4 in Evocations
  8428 | D:11     | Noticed a cyclops
  8450 | D:10     | Killed Psyche
  8523 | D:11     | Gained mutation: You are mostly covered in large bone
                  | plates. (SH +6) [demonic ancestry]
  8523 | D:11     | Reached XP level 11. HP: 76/78 MP: 16/19
  8608 | D:11     | Killed Harold
  8609 | D:11     | Reached skill level 5 in Ice Magic
  8703 | D:11     | Found a staircase to the Orcish Mines.
  8793 | D:11     | You pick up a book of Dreams and begin reading...
  8793 | D:11     | You add the spells Fugue of the Fallen and Anguish to your
                  | library.
  8813 | D:11     | You pick up a book of Storms and begin reading...
  8813 | D:11     | You add the spells Static Discharge, Airstrike and Summon
                  | Lightning Spire to your library.
  9298 | Lair:1   | Entered Level 1 of the Lair of Beasts
  9377 | Lair:1   | Reached skill level 4 in Armour
  9699 | Lair:1   | Reached skill level 9 in Stealth
  9797 | Lair:1   | Reached skill level 6 in Fighting
 10191 | Lair:2   | Found a frozen archway.
 10204 | Lair:2   | Reached skill level 8 in Short Blades
 10204 | Lair:2   | Reached skill level 6 in Spellcasting
 10213 | Lair:2   | Reached *** piety under Dithmenos
 10214 | Lair:2   | Noticed Nergalle
 10230 | Lair:2   | Killed Nergalle
 10231 | Lair:2   | Reached skill level 5 in Evocations
 10325 | Lair:2   | Reached skill level 7 in Hexes
 10342 | Lair:2   | You pick up a book of Debilitation and begin reading...
 10351 | IceCv    | Entered an ice cave
 10811 | IceCv    | Gained mutation: You are completely covered in large bone
                  | plates. (SH +8) [demonic ancestry]
 10811 | IceCv    | Reached XP level 12. HP: 67/89 MP: 9/21
 10901 | IceCv    | You pick up a book of the Tundra and begin reading...
 10901 | IceCv    | You add the spells Hailstorm and Summon Ice Beast to your
                  | library.
 11228 | IceCv    | Reached skill level 5 in Armour
 11333 | IceCv    | Reached skill level 10 in Stealth
 11375 | IceCv    | Noticed an azure jelly
 11377 | IceCv    | Found a viscous altar of Jiyva.
 11377 | IceCv    | Noticed an azure jelly
 11382 | IceCv    | Killed an azure jelly
 11382 | IceCv    | Reached **** piety under Dithmenos
 11401 | IceCv    | Killed an azure jelly
 11402 | IceCv    | Reached skill level 7 in Fighting
 11402 | IceCv    | Reached skill level 9 in Short Blades
 11416 | IceCv    | Got the ring of Boden {Ice rElec rPois rN++ MP-9}
 11418 | IceCv    | Got the ring "Debyme" {Ice rPois Str+3}
 11733 | Lair:2   | Reached skill level 2 in Dodging
 11872 | Lair:2   | You add the spells Passage of Golubria and Yara's Violent
                  | Unravelling to your library.
 12080 | Lair:2   | Reached skill level 6 in Evocations
 12243 | Lair:2   | Reached skill level 1 in Shields
 12286 | Lair:2   | Found a staircase to the Swamp.
 12286 | Lair:2   | Noticed an eleionoma
 12300 | Lair:2   | Killed an eleionoma
 12353 | Lair:2   | You fall into a shaft and drop 2 floors!
 12353 | Lair:4   | Found a gate leading to a gauntlet.
 12395 | Gauntlet | Entered a Gauntlet
 12395 | Gauntlet | Noticed a catoblepas
 12395 | Gauntlet | Found a transporter.
 12407 | Gauntlet | Found a transporter.
 12407 | Gauntlet | Found a transporter.
 12418 | Gauntlet | Found a transporter.
 12421 | Gauntlet | Found a transporter.
 12428 | Gauntlet | Noticed a hell beast
 12433 | Gauntlet | Found a transporter.
 12448 | Gauntlet | Found a runed translucent gate.
 12449 | Gauntlet | Found a transporter.
 12449 | Gauntlet | Found a runed translucent gate.
 12450 | Gauntlet | Found a runed translucent gate.
 12458 | Gauntlet | Noticed a dire elephant
 12460 | Gauntlet | Found a transporter.
 12465 | Gauntlet | Found a transporter.
 12468 | Gauntlet | Found a transporter.
 12474 | Gauntlet | Found a transporter.
 12485 | Gauntlet | Found a runed translucent door.
 12492 | Gauntlet | Found a transporter.
 12517 | Gauntlet | Found a transporter.
 12531 | Gauntlet | Found a transporter.
 12596 | Gauntlet | HP: 19/91 [catoblepas (9)]
 12601 | Gauntlet | HP: 12/91 [catoblepas/blast of calcifying dust (2)]
 12609 | Gauntlet | Mangled by a catoblepas

Vanquished Creatures
  2 azure jellies (IceCv)
  An eleionoma (Lair:2)
  Fannar (D:10)
  Harold (D:11)
  An ice dragon (D:10)
  Nergalle (Lair:2)
  An ugly thing (D:10)
  A cyclops (D:11)
  An ice statue (IceCv)
  A black mamba (Lair:1)
  6 cane toads
  3 komodo dragons
  A rime drake (Lair:2)
  Psyche (D:10)
  2 trolls (D:10)
  2 polar bears (Lair:1)
  3 blink frogs (Lair:4)
  20 slime creatures (IceCv)
  A shadow (D:10)
  Sigmund (D:3)
  A wyvern (Lair:2)
  6 yaks (Lair:1)
  5 wraiths
  2 vampires
  2 vampire mosquitoes (D:10)
  2 basilisks (Lair:2)
  6 water moccasins
  4 great orb of eyes simulacra (IceCv)
  An acid dragon (D:9)
  2 ice beasts
  2 black bears
  2 orc warriors
  A sky beast (D:7)
  2 ogres
  15 wolves
  5 centaurs
  3 slime creature simulacra (IceCv)
  10 bullfrogs
  A gnoll sergeant (D:9)
  2 scorpions
  4 glowing shapeshifter simulacra (IceCv)
  16 killer bees
  5 howler monkeys
  2 hounds (D:4)
  5 orc priests
  5 bombardier beetles
  2 gnoll boudas
  Jessica (D:3)
  2 iguanas
  2 sleepcaps
  6 orc wizards
  A shapeshifter simulacrum (IceCv)
  A mummy (D:8)
  Robin (D:3)
  14 gnolls
  8 adders
  3 shadow imps
  2 white imps
  2 ufetubi (D:5)
  A worm (D:4)
  2 dart slugs
  38 orcs
  4 bats
  4 endoplasms
  8 giant cockroaches
  20 goblins
  6 hobgoblins
  3 jackals (D:2)
  3 quokkas
  5 ball pythons
  3 frilled lizards
  8 kobolds
  2 rats
314 creatures vanquished.

Vanquished Creatures (others)
  An arcanist (D:3)
1 creature vanquished.

Grand Total: 315 creatures vanquished

Table legend:
 A = Non-vault XP
 B = Vault XP
 C = Vault XP percentage of total XP
 D = Non-vault monster count
 E = Vault monster count
 F = Vault count percentage of total count
                 A         B        C        D         E       F
            +---------+---------+-------+---------+---------+-------
      Total |   18411 |   15411 |  45.6 |     237 |      77 |  24.5
            +---------+---------+-------+---------+---------+-------
        D:1 |      20 |       0 |   0.0 |      12 |       0 |   0.0
        D:2 |      33 |      40 |  54.8 |      19 |       8 |  29.6
        D:3 |     184 |     282 |  60.5 |      23 |      11 |  32.4
        D:4 |     387 |       0 |   0.0 |      22 |       0 |   0.0
        D:5 |     690 |       0 |   0.0 |      17 |       0 |   0.0
        D:6 |     459 |       0 |   0.0 |       9 |       0 |   0.0
        D:7 |     567 |       0 |   0.0 |      13 |       0 |   0.0
        D:8 |     957 |      18 |   1.8 |      24 |       1 |   4.0
        D:9 |    1041 |       0 |   0.0 |      17 |       0 |   0.0
       D:10 |    3154 |    2772 |  46.8 |      25 |      13 |  34.2
       D:11 |     945 |     855 |  47.5 |       9 |       1 |  10.0
     Lair:1 |    4491 |       0 |   0.0 |      21 |       0 |   0.0
     Lair:2 |    3982 |    2954 |  42.6 |      20 |      11 |  35.5
     Lair:4 |     814 |       0 |   0.0 |       3 |       0 |   0.0
      IceCv |     687 |    8490 |  92.5 |       3 |      32 |  91.4
            +---------+---------+-------+---------+---------+-------

Skill      XL: |  1  2  3  4  5  6  7  8  9 10 11 12 |
---------------+-------------------------------------+-----
Short Blades   | 1 2 3 4 5 6 7 8 9 |  9.4
Stealth        | 3 4 5 6 7 8 9 10 | 10.6
Fighting       | 1 2 3 4 5 6 7 |  7.3
Ice Magic      | 1 2 3 4 5 |  5.0
Spellcasting   | 3 4 5 6 |  6.8
Hexes          | 4 5 6 7 |  7.7
Armour         | 1 2 3 4 5 |  5.5
Evocations     | 1 3 4 5 6 |  6.1
Dodging        | 2 |  2.4
Shields        | 1 |  1.3

Action                     |  1- 3 |  4- 6 |  7- 9 | 10-12 || total
---------------------------+-------+-------+-------+-------++-------
  Melee: Dagger            |   222 |    98 |   269 |   429 ||  1018
         Punch             |     2 |       |     3 |     6 ||    11
         Tailslap          |       |       |    43 |    73 ||   116
   Cast: Ensorcelled Hiber |     5 |    13 |    65 |    99 ||   182
         Confusing Touch   |       |       |     5 |    19 ||    24
         Slow              |       |       |       |     2 ||     2
         Dazzling Flash    |       |       |       |     2 ||     2
         Petrify           |       |       |       |     1 ||     1
  Evoke: Wand              |       |       |       |     9 ||     9
    Use: Scroll            |    10 |     2 |     9 |     6 ||    27
         Potion            |       |       |     1 |     5 ||     6
   Stab: Distracted        |     1 |       |     1 |     1 ||     3
         Sleeping          |     5 |    11 |    46 |    54 ||   116
         Paralysed         |       |     6 |    24 |    51 ||    81
         Confused          |       |       |     1 |    14 ||    15
         Invisible         |       |       |       |     2 ||     2
 Armour: Robe              |    75 |    49 |    34 |       ||   158
         Leather armour    |       |       |   127 |   232 ||   359
         Skin              |       |       |       |     2 ||     2
  Dodge: Dodged            |   102 |    46 |   115 |   195 ||   458
  Block: Other             |    11 |    12 |    32 |    64 ||   119
         Buckler           |       |       |       |    24 ||    24

Illustrated notes

Table legend:
 A = Kills in this place as a percentage of kills in the entire game.
 B = Kills by you in this place as a percentage of kills by you in the entire game.
 C = Kills by friends in this place as a percentage of kills by friends in the entire game.
 D = Other kills in this place as a percentage of other kills in the entire game.
 E = Experience gained in this place as a percentage of experience gained in the entire game.
 F = Experience gained in this place divided by the number of levels of this place that you have seen.
                   A       B       C       D       E      F
               +-------+-------+-------+-------+-------+----------------------
         Total | 100.0 | 100.0 |   N/A |   N/A | 100.0 | 1989.5
       Dungeon |  71.3 |  71.3 |   N/A |   N/A |  36.7 | 1127.6
          Lair |  17.5 |  17.5 |   N/A |   N/A |  36.2 | 4080.3
      Ice Cave |  11.1 |  11.1 |   N/A |   N/A |  27.1 | 9177.0
               +-------+-------+-------+-------+-------+----------------------

Table legend: (Time is in decaauts)
 A = Elapsed time spent in this place.
 B = Non-inter-level travel time spent in this place.
 C = Inter-level travel time spent in this place.
 D = Time resting spent in this place.
 E = Time spent auto-exploring this place.
 F = Levels seen in this place.
 G = Mean time per level.
                   A        B        C        D        E       F      G
               +--------+--------+--------+--------+--------+-----+--------+
         Total |  12127 |  11749 |    378 |   1421 |   7949 |  17 |  713.4 |
       Dungeon |   8961 |   8654 |    307 |   1016 |   6117 |  11 |  814.6 |
        Temple |     36 |      1 |     35 |      0 |      0 |   1 |   36.0 |
          Lair |   1854 |   1820 |     34 |     28 |   1431 |   3 |  618.0 |
      Ice Cave |   1063 |   1063 |      0 |    377 |    241 |   1 | 1063.0 |
      Gauntlet |    210 |    210 |      0 |      0 |    160 |   1 |  210.0 |
               +--------+--------+--------+--------+--------+-----+--------+

Top non-repeatable levels by time:
    D:10: 1755 daAuts
     D:8: 1076 daAuts
   IceCv: 1063 daAuts
  Lair:2: 954 daAuts
     D:2: 879 daAuts
  Lair:1: 862 daAuts
     D:3: 783 daAuts
     D:4: 768 daAuts
    D:11: 738 daAuts
     D:1: 731 daAuts
     D:9: 730 daAuts
     D:7: 613 daAuts
     D:6: 442 daAuts
     D:5: 442 daAuts
Gauntlet: 210 daAuts
